 Dungeon Crawl Stone Soup version 0.19-a0-1251-gd6e46da (webtiles) character file.

2825 PurpleRed the Destroyer (level 9, -4/45 HPs)
             Began as a Deep Elf Conjurer on Aug 27, 2016.
             Was a Follower of Vehumet.
             Slain by a wight
             ... wielding a +0 long sword
              (5 damage)
             ... on level 7 of the Dungeon.
             The game lasted 00:25:06 (2339 turns).

PurpleRed the Destroyer (Deep Elf Conjurer)         Turns: 2339, Time: 00:25:07

Health: -4/45      AC:  8    Str:  5    XL:     9   Next: 45%
Magic:  0/24       EV: 13    Int: 24    God:    Vehumet [*.....]
Gold:   82         SH:  0    Dex: 15    Spells: 4 memorised, 15 levels left

rFire  . . .     SeeInvis .     m - +0 scythe
rCold  . . .     Gourm    .     a - +0 robe
rNeg   . . .     Faith    .     (shield currently unavailable)
rPois  .         Spirit   .     k - +1 helmet
rElec  .         Dismiss  .     d - +0 cloak
rCorr  .         Reflect  .     e - +2 pair of gloves
MR     .....     Harm     .     (no boots)
Stlth  ++........               f - amulet of rage
                                (no ring)
                                (no ring)

@: very slightly contaminated, drained
A: no striking features
a: Renounce Religion, Evoke Berserk Rage


You were on level 7 of the Dungeon.
You worshipped Vehumet.
Vehumet was aware of your devotion.
You were not hungry.

You visited 2 branches of the dungeon, and saw 9 of its levels.

You collected 214 gold pieces.
You spent 132 gold pieces at shops.

Inventory:

Hand Weapons
 g - a +3 halberd
 j - a +0 war axe
 m - a +0 scythe (weapon)
 p - a +0 short sword of draining
 s - a +0 club
Missiles
 n - 4 curare-tipped needles
 r - 3 poisoned needles
Armour
 a - a +0 robe (worn)
 d - a +0 cloak (worn)
 e - a +2 pair of gloves (worn)
 k - a +1 helmet (worn)
 x - a +2 shield
Jewellery
 f - an amulet of rage (around neck)
Wands
 i - a wand of confusion (36/48)
Scrolls
 y - a scroll of identify
Potions
 l - a potion of heal wounds
 o - a potion of haste
 q - 4 potions of curing
 t - a potion of agility
 v - a potion of magic
Books
 b - a book of Conjurations

   Spells                             Type                      Level
   a - Magic Dart                     Conjuration                  1
   b - Searing Ray                    Conjuration                  2
   c - Dazzling Spray                 Conjuration/Hexes            3
   d - Fulminant Prism                Conjuration/Hexes            4
   e - Iskenderun's Mystic Blast      Conjuration                  4
   f - Iskenderun's Battlesphere      Conjuration/Charms           5
Comestibles
 c - 2 bread rations
 h - 2 meat rations


   Skills:
 - Level 2.4(2.1) Dodging
 - Level 2.4(2.1) Stealth
 + Level 9.7(9.3) Spellcasting
 * Level 11.4(11.0) Conjurations
 - Level 7.1(6.7) Charms


You had 15 spell levels left.
You knew the following spells:

 Your Spells              Type           Power        Failure   Level  Hunger
a - Magic Dart            Conj           ####         1%          1    None
b - Searing Ray           Conj           ######       1%          2    None
c - Iskenderun's Mystic   Conj           ######..     1%          4    ##.....
d - Iskenderun's Battles  Conj/Chrm      ######..     4%          5    ####...


Dungeon Overview and Level Annotations

Branches:
Dungeon (8/15)             Temple (1/1) D:5
   Lair: D:8-11

Altars:
Ashenzari
Cheibriados
Dithmenos
Elyvilon
Fedhas
Hepliaklqana
Kikubaaqudgha
Okawaru
Qazlal
Ru
Sif Muna
Trog
Uskayaw
Vehumet
Xom
Yredelemnul
Zin
The Shining One

Shops:
D:5 !(   D:7 =

Annotations:
D:5 Eustachio; NervFog's ghost, novice MiMo


Message History

Confirm with . or Enter, or press ? or * to list all spells.
Aiming: Magic Dart
Press: ? - help, Shift-Dir - straight line, f/p - wight
Aim: a wight, wielding a long sword and wearing a robe (almost destroyed)
The magic dart hits the wight.
The wight is almost destroyed.
The wight closely misses you. The hog bites you.
* * * LOW HITPOINT WARNING * * *
The shadow imp grins evilly.
Casting: Magic Dart
Confirm with . or Enter, or press ? or * to list all spells.
Aiming: Magic Dart
Press: ? - help, Shift-Dir - straight line, f/p - wight
Aim: a wight, wielding a long sword and wearing a robe (almost destroyed)
The magic dart hits the wight.
The wight is almost destroyed.
The hog bites you.
* * * LOW HITPOINT WARNING * * *
The wight hits you with a long sword.
You die...

########## ###
#......... ..#
#.######## #.#
..#################.#
.................##.#
###.#####...........#
....#
#.######z#..########
###.# #5#
#@#.........## # #.#
#.######h#..........#
# #.#
#.#∩.∩.#5#.#######..#
# #.# #.5.....5#)#
#..# # #.#
#..∩.∩####.# #..#
###.## #.###.# #.#
#..# .....# #.# #.#
#)# #####[.# ...5.#
#.##.#. #.# #......#
####.# #.#.# #.##)#
#.####.#


You could see a hog, a wight, a crimson imp and a shadow imp.

Vanquished Creatures
  Grinder (D:4)
  Sigmund (D:4)
  A hog (D:8)
  A human (D:8)
  Menkaure (D:5)
  Duvessa (D:5)
  A water moccasin (D:4)
  An ice beast (D:8)
  A wasp (D:8)
  A phantom (D:7)
  A big kobold (D:4)
  3 giant frogs
  Dowan (D:4)
  A scorpion (D:5)
  7 killer bees
  3 wights (D:7)
  2 crimson imps (D:6)
  The ghost of PurpleRed the Conjurer, a weakling DECj (D:3)
  A centaur skeleton (D:5)
  A giant frog skeleton (D:5)
  4 hounds
  2 jellies (D:7)
  3 orc wizards
  3 orc priests (D:7)
  An iguana (D:5)
  Terence (D:2)
  3 worker ants
  2 hound skeletons
  9 adders
  2 adder skeletons (D:4)
  A worm (D:2)
  2 giant geckos
  8 orcs
  A giant cockroach (D:4)
  4 goblins
  A hobgoblin (D:2)
  7 kobolds
  A ball python (D:4)
  A bat (D:2)
  3 giant newts
  2 quokka skeletons
  3 rats
95 creatures vanquished.

Vanquished Creatures (others)
  A plant (D:2)
1 creature vanquished.

Grand Total: 96 creatures vanquished

Notes
Turn   | Place    | Note
-------+----------+-------------------------------------------
     0 | D:1      | PurpleRed the Deep Elf Conjurer began the quest for the Orb.
     0 | D:1      | Reached XP level 1. HP: 10/10 MP: 6/6
   189 | D:2      | Reached XP level 2. HP: 15/15 MP: 1/8
   193 | D:2      | Learned a level 2 spell: Searing Ray
   245 | D:2      | Reached skill level 5 in Conjurations
   323 | D:2      | Reached XP level 3. HP: 13/19 MP: 1/10
   363 | D:2      | Noticed Terence
   421 | D:2      | Killed Terence
   537 | D:3      | Reached XP level 4. HP: 9/24 MP: 7/12
   548 | D:3      | Learned a level 4 spell: Iskenderun's Mystic Blast
   589 | D:3      | Found a faded altar of an unknown god.
   670 | D:4      | Noticed Grinder
   671 | D:4      | Noticed a water moccasin
   685 | D:4      | Killed Grinder
   685 | D:4      | Reached skill level 5 in Spellcasting
   685 | D:4      | Reached skill level 7 in Conjurations
   685 | D:4      | Reached XP level 5. HP: 15/28 MP: 1/15
   685 | D:4      | Reached XP level 6. HP: 18/32 MP: 1/16
   720 | D:4      | Killed a water moccasin
   815 | D:4      | Noticed Sigmund
   834 | D:4      | Found a glowing golden altar of the Shining One.
   859 | D:5      | Entered Level 5 of the Dungeon
   863 | D:5      | Found a staircase to the Ecumenical Temple.
   884 | D:5      | Reached skill level 8 in Conjurations
   884 | D:5      | Reached XP level 7. HP: 36/36 MP: 2/18
   894 | D:5      | Learned a level 5 spell: Iskenderun's Battlesphere
   908 | Temple   | Entered the Ecumenical Temple
   960 | D:5      | Noticed Eustachio
   961 | D:5      | Noticed NervFog's ghost (novice MiMo)
  1002 | D:4      | Killed Sigmund
  1098 | D:4      | Found a glowing silver altar of Zin.
  1100 | D:4      | Found a radiant altar of Vehumet.
  1153 | D:5      | Noticed Duvessa
  1153 | D:5      | Noticed Dowan
  1168 | D:5      | Killed Duvessa
  1224 | D:4      | Killed Dowan
  1248 | D:4      | Reached skill level 9 in Conjurations
  1324 | D:3      | Noticed PurpleRed's ghost (weakling DECj)
  1345 | D:3      | Killed PurpleRed's ghost
  1345 | D:3      | Reached XP level 8. HP: 16/41 MP: 15/21
  1446 | D:5      | Noticed Menkaure
  1450 | D:5      | Killed Menkaure
  1485 | D:4      | Found a stormy altar of Qazlal.
  1485 | D:4      | Found a snail-covered altar of Cheibriados.
  1489 | D:4      | Became a worshipper of Vehumet
  1520 | D:5      | Found Seora's Weapon Shoppe.
  1589 | D:5      | Found Zeakk's Distillery.
  1592 | D:5      | Bought 2 potions of curing for 72 gold pieces
  1592 | D:5      | Bought a potion of heal wounds for 60 gold pieces
  1822 | D:6      | Reached skill level 5 in Charms
  1937 | D:7      | Reached skill level 10 in Conjurations
  2016 | D:7      | Found Gaurch's Jewellery Shoppe.
  2040 | D:7      | Reached * piety under Vehumet
  2040 | D:7      | Offered knowledge of Sandblast by Vehumet.
  2077 | D:7      | Reached XP level 9. HP: 45/45 MP: 5/23
  2263 | D:8      | Reached skill level 11 in Conjurations
  2339 | D:7      | HP: 1/45 [hog (6)]
  2339 | D:7      | Slain by a wight

Vault maps used:
D:1:      minmay_arrival_solitary_statue
D:2:      wad_crossroads, serial_forest, infiniplex_forest_straight_1,
          infiniplex_forest_corner_1, infiniplex_forest_lined_3_way,
          infiniplex_forest_end_3, infiniplex_forest_clump_long,
          infiniplex_forest_end_3, uniq_terence
D:3:      ecumenical_altar_1, led_sif_book
D:4:      black_bear_nest_2, nicolae_overflow_hidden_temple, tso_metal_star,
          uniq_grinder, uniq_crazy_yiuf_cottage, uniq_sigmund
D:5:      serial_shops, shop, nicolae_shop_crystal, shop, kennysheep_mini,
          shop_statue, first_bread, fedhas_altar_fruit_tree, uniq_duvessa,
          uniq_menkaure, uniq_eustachio
D:6:      nemelex_xobeh_ov_fountains_minmay, minmay_misc_feat_more_columns,
          minmay_misc_feat_room, water_boxes_lemuel
D:7:      serial_shops, nicolae_shop_competitors_out_of_business
D:8:      gammafunk_temple_overflow_pools, erik_lair_island, basic_altar,
          grunt_livestock
Temple:   cyrus_circular_temple

Skill      XL: |  1  2  3  4  5  6  7  8  9 |
---------------+----------------------------+-----
Conjurations   | 5 7 8 9 10 11 | 11.4
Spellcasting   | 4 5 6 7 8 9 |  9.7
Charms         | 3 6 7 |  7.1
Dodging        | |  2.4
Stealth        | |  2.4

Action                   |  1- 3 |  4- 6 |  7- 9 || total
-------------------------+-------+-------+-------++-------
Melee: Whip              |    58 |       |       ||    58
       War axe           |       |     1 |    15 ||    16
       Scythe            |       |       |     9 ||     9
       Short sword       |       |       |     9 ||     9
 Cast: Magic Dart        |    27 |     5 |    92 ||   124
       Searing Ray       |     4 |    10 |    13 ||    27
       Iskenderun's Myst |       |       |     1 ||     1
       Iskenderun's Batt |       |       |    14 ||    14
 Abil: Evoke Berserk Rag |       |       |     1 ||     1
  Use: Scroll            |       |     6 |     8 ||    14
       Potion            |       |     4 |     2 ||     6
 Stab: Sleeping          |     2 |       |       ||     2
  Eat: Chunk             |       |       |     9 ||     9
Armor: Robe              |     6 |     7 |    40 ||    53
Dodge: Dodged            |    28 |    16 |    87 ||   131
